3A
GALESBURG GUZZLERS @ PUT-IN-BAY BC
09/03/2029
 
TOP OF THE 1ST
Galesburg Guzzlers batting - Pitching for Put-In-Bay BC : RHP Melvin Tiburcio
Pitching: RHP Melvin Tiburcio
Batting: RHB Tony Martínez 0-0: Ball
1-0: DOUBLE (Line Drive, 7LM)
Batting: RHB Janghyun Yi 0-0: Called Strike
0-1: Foul Ball, location: 2F
0-2: Ball
1-2: Strikes out swinging
Batting: LHB César Gómes 0-0: Ball
1-0: Ball
2-0: Ball
Tony Martínez steals 3rd base
3-0: Called Strike
3-1: Fly out, F3 (Line Drive, 3L)
Batting: RHB Fletcher Megarity 0-0: Called Strike
0-1: Foul Ball, location: 2F
0-2: Fly out, F4 (Popup, 4)
Top of the 1st over - 0 runs, 1 hit, 0 errors, 1 left on base; Galesburg 0 - Put-In-Bay 0
BOTTOM OF THE 1ST
Put-In-Bay BC batting - Pitching for Galesburg Guzzlers : RHP Tony DeWitt
Pitching: RHP Tony DeWitt
Batting: RHB Andrew Cantrell 0-0: Ball
1-0: Called Strike
1-1: Ball
2-1: Fly out, F5 (Line Drive, 5)
Batting: RHB Steven Rohrs 0-0: Swinging Strike
0-1: SINGLE (Groundball, 6MD)
Batting: RHB Manny Bendixen 0-0: Foul Ball, location: 2F
0-1: DOUBLE (Line Drive, 78M)
Steven Rohrs to third
Batting: LHB Vladya Pugiev 0-0: Called Strike
0-1: Ball
1-1: Swinging Strike
1-2: Foul Ball, location: 2F
1-2: Ball
2-2: Strikes out swinging
Batting: RHB Eli Cline 0-0: Ball
1-0: SINGLE (Groundball, 6D)
Steven Rohrs scores
Manny Bendixen to third
Runner from 3rd tries for Home, SAFE, no throw
Batting: RHB Franklin Kelley 0-0: Foul Ball, location: 2F
0-1: Ball
1-1: Foul Ball, location: 2F
1-2: TRIPLE (Flyball, 9D)
Eli Cline scores
Batting: RHB Al Grant 0-0: Ball
1-0: Foul Ball, location: 2F
1-1: Called Strike
1-2: Fly out, F4 (Line Drive, 4)
Bottom of the 1st over - 3 runs, 4 hits, 0 errors, 1 left on base; Galesburg 0 - Put-In-Bay 3
TOP OF THE 2ND
Galesburg Guzzlers batting - Pitching for Put-In-Bay BC : RHP Melvin Tiburcio
Batting: RHB Bastiaan Pieterse 0-0: Ball
1-0: Swinging Strike
1-1: Foul Ball, location: 2F
1-2: Ball
2-2: SINGLE (Groundball, 6MD)
Batting: LHB Abiram Wahine 0-0: Ball
1-0: Grounds into double play, 3-6-1 (Groundball, 34)
Batting: RHB Jack Stidston 0-0: Foul Ball, location: 2F
0-1: Foul Ball, location: 2F
0-2: Foul Ball, location: 2F
0-2: Ball
1-2: Ball
2-2: Ball
3-2: Foul Ball, location: 2F
3-2: Base on Balls
Batting: RHB Yu-shu Tseng 0-0: Ball
1-0: Swinging Strike
1-1: Ball
2-1: SINGLE (Groundball, 4MD)
Jack Stidston to second
Runner from 2nd tries for 3rd, OUT!
Top of the 2nd over - 0 runs, 2 hits, 0 errors, 1 left on base; Galesburg 0 - Put-In-Bay 3
BOTTOM OF THE 2ND
Put-In-Bay BC batting - Pitching for Galesburg Guzzlers : RHP Tony DeWitt
Batting: RHB Oscar McMillan 0-0: Called Strike
0-1: Foul Ball, location: 2F
0-2: Foul Ball, location: 2F
0-2: Ball
1-2: Fly out, F6 (Popup, 6M)
Batting: RHB Steve Albright 0-0: Called Strike
0-1: Foul Ball, location: 2F
0-2: Foul Ball, location: 2F
0-2: Ball
1-2: Ball
2-2: Ball
3-2: Foul Ball, location: 2F
3-2: Base on Balls
Batting: RHB Andrew Cantrell 0-0: Ball
1-0: Swinging Strike
1-1: Ball
2-1: Ball
3-1: Foul Ball, location: 2F
3-2: Foul Ball, location: 2F
3-2: Base on Balls
Steve Albright to second
Batting: RHB Steven Rohrs 0-0: Ball
1-0: Fielders Choice at 2nd, 4-6 (Groundball, 34)
Steve Albright to third
Batting: RHB Manny Bendixen 0-0: Ball
1-0: Fly out, F8 (Flyball, 78S)
Bottom of the 2nd over - 0 runs, 0 hits, 0 errors, 2 left on base; Galesburg 0 - Put-In-Bay 3
TOP OF THE 3RD
Galesburg Guzzlers batting - Pitching for Put-In-Bay BC : RHP Melvin Tiburcio
Batting: RHB Derek Bouch 0-0: Ball
1-0: Ball
2-0: Called Strike
2-1: SINGLE (Line Drive, 7LS)
Batting: RHB Tony Martínez 0-0: Called Strike
0-1: Foul Ball, location: 2F
0-2: Ball
1-2: Strikes out swinging
Batting: RHB Janghyun Yi 0-0: Foul Ball, location: 2F
0-1: Called Strike
0-2: Strikes out looking
Batting: LHB César Gómes 0-0: Ball
1-0: Ball
2-0: Called Strike
2-1: Called Strike
2-2: Strikes out looking
Top of the 3rd over - 0 runs, 1 hit, 0 errors, 1 left on base; Galesburg 0 - Put-In-Bay 3
BOTTOM OF THE 3RD
Put-In-Bay BC batting - Pitching for Galesburg Guzzlers : RHP Tony DeWitt
Batting: LHB Vladya Pugiev 0-0: Ball
1-0: Swinging Strike
1-1: Called Strike
1-2: SOLO HOME RUN (Flyball, 9LD), Distance : 355 ft
Batting: RHB Eli Cline 0-0: Ball
1-0: Swinging Strike
1-1: Ground out 6-3 (Groundball, 56)
Batting: RHB Franklin Kelley 0-0: Swinging Strike
0-1: Fly out, F7 (Line Drive, 78XD)
Batting: RHB Al Grant 0-0: Ball
1-0: Swinging Strike
1-1: Foul Ball, location: 2F
1-2: SINGLE (Flyball, 78M)
Batting: RHB Oscar McMillan 0-0: Called Strike
0-1: Fly out, F9 (Flyball, 9S)
Bottom of the 3rd over - 1 run, 2 hits, 0 errors, 1 left on base; Galesburg 0 - Put-In-Bay 4
TOP OF THE 4TH
Galesburg Guzzlers batting - Pitching for Put-In-Bay BC : RHP Melvin Tiburcio
Batting: RHB Fletcher Megarity 0-0: Ball
1-0: Swinging Strike
1-1: Foul Ball, location: 2F
1-2: Strikes out swinging
Batting: RHB Bastiaan Pieterse 0-0: Ball
1-0: Foul Ball, location: 2F
1-1: Ball
2-1: Swinging Strike
2-2: SOLO HOME RUN (Flyball, 7D), Distance : 379 ft
Batting: LHB Abiram Wahine 0-0: Called Strike
0-1: Ball
1-1: Foul Ball, location: 2F
1-2: Ball
2-2: Strikes out swinging
Batting: RHB Jack Stidston 0-0: Ball
1-0: Fly out, F8 (Flyball, 8RD)
Top of the 4th over - 1 run, 1 hit, 0 errors, 0 left on base; Galesburg 1 - Put-In-Bay 4
BOTTOM OF THE 4TH
Put-In-Bay BC batting - Pitching for Galesburg Guzzlers : RHP Tony DeWitt
Batting: RHB Steve Albright 0-0: Ball
1-0: Ground out 5-3 (Groundball, 56S)
Batting: RHB Andrew Cantrell 0-0: Swinging Strike
0-1: Ball
1-1: Ground out 6-3 (Groundball, 6)
Batting: RHB Steven Rohrs 0-0: SINGLE (Groundball, 6MD)
Batting: RHB Manny Bendixen 0-0: Ball
1-0: Called Strike
1-1: Called Strike
1-2: Ball
2-2: Foul Ball, location: 2F
2-2: Ground out 6-3 (Groundball, 6)
Bottom of the 4th over - 0 runs, 1 hit, 0 errors, 1 left on base; Galesburg 1 - Put-In-Bay 4
TOP OF THE 5TH
Galesburg Guzzlers batting - Pitching for Put-In-Bay BC : RHP Melvin Tiburcio
Batting: RHB Yu-shu Tseng 0-0: Called Strike
0-1: Fly out, F9 (Flyball, 9)
Batting: RHB Derek Bouch 0-0: Called Strike
0-1: Called Strike
0-2: Ball
1-2: Ball
2-2: Strikes out looking
Batting: RHB Tony Martínez 0-0: Fly out, F8 (Flyball, 8RD)
Top of the 5th over - 0 runs, 0 hits, 0 errors, 0 left on base; Galesburg 1 - Put-In-Bay 4
BOTTOM OF THE 5TH
Put-In-Bay BC batting - Pitching for Galesburg Guzzlers : RHP Tony DeWitt
Batting: LHB Vladya Pugiev 0-0: SINGLE (Flyball, 7S)
Batting: RHB Eli Cline 0-0: Foul Ball, location: 2F
0-1: Ball
1-1: Ball
2-1: Foul Ball, location: 2F
2-2: Ball
3-2: Ground out 4-3 (Groundball, 4S)
Vladya Pugiev to second
Batting: RHB Franklin Kelley 0-0: Intentional Walk
Batting: RHB Al Grant 0-0: Fly out, F4 (Line Drive, 4)
Batting: RHB Oscar McMillan 0-0: Ball
1-0: DOUBLE (Line Drive, 8RXD)
Vladya Pugiev scores
Franklin Kelley to third
Runner from 3rd tries for Home, SAFE, no throw
Batting: RHB Steve Albright 0-0: Ball
1-0: Foul Ball, location: 2F
1-1: Ball
2-1: Called Strike
2-2: Strikes out looking and he ARGUES THE CALL AND IS TOSSED!
Bottom of the 5th over - 2 runs, 2 hits, 0 errors, 1 left on base; Galesburg 1 - Put-In-Bay 6
TOP OF THE 6TH
Galesburg Guzzlers batting - Pitching for Put-In-Bay BC : RHP Melvin Tiburcio
Now at 3B: Ben Boston
Batting: RHB Janghyun Yi 0-0: Foul Ball, location: 2F
0-1: SINGLE (Line Drive, 7S)
Batting: LHB César Gómes 0-0: Ball
1-0: Ball
Janghyun Yi steals 2nd base
2-0: Called Strike
2-1: Ground out 4-3 (Groundball, 4)
Janghyun Yi to third
Batting: RHB Fletcher Megarity 0-0: Ball
1-0: Ground out 5-3 (Groundball, 56S)
Janghyun Yi scores
Batting: RHB Bastiaan Pieterse 0-0: Called Strike
0-1: Fly out, F4 (Line Drive, 4)
Top of the 6th over - 1 run, 1 hit, 0 errors, 0 left on base; Galesburg 2 - Put-In-Bay 6
BOTTOM OF THE 6TH
Put-In-Bay BC batting - Pitching for Galesburg Guzzlers : RHP Tony DeWitt
Pitching: RHP David Torres
Batting: RHB Andrew Cantrell 0-0: Ball
1-0: Ground out 6-3 (Groundball, 6)
Batting: RHB Steven Rohrs 0-0: Foul Ball, location: 2F
0-1: Called Strike
0-2: Strikes out swinging
Batting: RHB Manny Bendixen 0-0: Ball
1-0: Foul Ball, location: 2F
1-1: Fly out, F7 (Line Drive, 7D)
Bottom of the 6th over - 0 runs, 0 hits, 0 errors, 0 left on base; Galesburg 2 - Put-In-Bay 6
TOP OF THE 7TH
Galesburg Guzzlers batting - Pitching for Put-In-Bay BC : RHP Melvin Tiburcio
Batting: LHB Abiram Wahine 0-0: Ball
1-0: Foul Ball, location: 2F
1-1: Ball
2-1: Ball
3-1: Fly out, F8 (Flyball, 8RD)
Batting: RHB Jack Stidston 0-0: Ground out 3-1 (Groundball, 34)
Batting: RHB Yu-shu Tseng 0-0: Swinging Strike
0-1: Ball
1-1: SINGLE (Line Drive, 8RS)
Batting: RHB Derek Bouch 0-0: Called Strike
0-1: Ball
1-1: Called Strike
1-2: Ground out 1-3 (Groundball, 13)
Top of the 7th over - 0 runs, 1 hit, 0 errors, 1 left on base; Galesburg 2 - Put-In-Bay 6
BOTTOM OF THE 7TH
Put-In-Bay BC batting - Pitching for Galesburg Guzzlers : RHP David Torres
Batting: LHB Vladya Pugiev 0-0: Called Strike
0-1: Foul Ball, location: 2F
0-2: Foul Ball, location: 2F
0-2: Hit by Pitch
Batting: RHB Eli Cline 0-0: Ball
1-0: Ball
2-0: Ball
3-0: Called Strike
3-1: Fly out, F7 (Line Drive, 7LS)
Batting: RHB Franklin Kelley 0-0: SINGLE (Groundball, 6D)
Vladya Pugiev to second
Batting: RHB Al Grant 0-0: Called Strike
0-1: Swinging Strike
0-2: Ball
1-2: Strikes out looking
Batting: RHB Oscar McMillan 0-0: Called Strike
0-1: Ball
1-1: Foul Ball, location: 2F
1-2: Strikes out swinging
Bottom of the 7th over - 0 runs, 1 hit, 0 errors, 2 left on base; Galesburg 2 - Put-In-Bay 6
TOP OF THE 8TH
Galesburg Guzzlers batting - Pitching for Put-In-Bay BC : RHP Melvin Tiburcio
Batting: RHB Tony Martínez 0-0: Called Strike
0-1: Swinging Strike
0-2: Foul Ball, location: 2F
0-2: Fly out, F9 (Flyball, 9)
Batting: RHB Janghyun Yi 0-0: Ground out 6-3 (Groundball, 6)
Batting: LHB César Gómes 0-0: Ground out 4-3 (Groundball, 4)
Top of the 8th over - 0 runs, 0 hits, 0 errors, 0 left on base; Galesburg 2 - Put-In-Bay 6
BOTTOM OF THE 8TH
Put-In-Bay BC batting - Pitching for Galesburg Guzzlers : RHP David Torres
Batting: SHB Ben Boston 0-0: Called Strike
0-1: Ball
1-1: Ball
2-1: Called Strike
2-2: Strikes out looking
Batting: RHB Andrew Cantrell 0-0: Ball
1-0: Foul Ball, location: 2F
1-1: Foul Ball, location: 2F
1-2: Ball
2-2: Ball
3-2: Foul Ball, location: 2F
3-2: DOUBLE (Line Drive, 78D)
Batting: RHB Steven Rohrs 0-0: Swinging Strike
0-1: Swinging Strike
0-2: Fly out, F7 (Line Drive, 78M)
Batting: RHB Manny Bendixen 0-0: Called Strike
0-1: Ball
1-1: Ball
2-1: SINGLE (Popup, 6M)
Andrew Cantrell to third
Runner from 3rd tries for Home, SAFE, no throw
Batting: LHB Vladya Pugiev 0-0: Swinging Strike
Manny Bendixen steals 2nd base
0-1: Foul Ball, location: 2F
0-2: Fly out, F6 (Line Drive, 6)
Bottom of the 8th over - 1 run, 2 hits, 0 errors, 1 left on base; Galesburg 2 - Put-In-Bay 7
TOP OF THE 9TH
Galesburg Guzzlers batting - Pitching for Put-In-Bay BC : RHP Melvin Tiburcio
Batting: RHB Fletcher Megarity 0-0: Called Strike
0-1: Foul Ball, location: 2F
0-2: Fly out, F9 (Flyball, 89D)
Batting: RHB Bastiaan Pieterse 0-0: Ball
1-0: Ball
2-0: SINGLE (Line Drive, 6D)
Batting: LHB Abiram Wahine 0-0: Ball
1-0: Swinging Strike
1-1: Foul Ball, location: 2F
1-2: Strikes out swinging
Pitching: RHP Blake Reeves
Batting: RHB Jack Stidston 0-0: Ball
1-0: Ball
2-0: Ball
3-0: Called Strike
3-1: Base on Balls
Bastiaan Pieterse to second
Batting: RHB Yu-shu Tseng 0-0: Ball
1-0: Called Strike
1-1: Foul Ball, location: 2F
1-2: Strikes out looking
Top of the 9th over - 0 runs, 1 hit, 0 errors, 2 left on base; Galesburg 2 - Put-In-Bay 7
Tuesday, December 19th, 2017 - OOTP Baseball 18.8 Build 76